 Dungeon Crawl Stone Soup version 0.29-a0-559-g359e09b9d1 (webtiles) character file.

Game seed: 9447952701731983009

647 Nedwor the Cruncher (level 7, -2/56 HPs)
             Began as a Minotaur Gladiator on June 10, 2022.
             Slain by an orc wizard
             ... wielding a +0 glaive
              (11 damage)
             ... on level 4 of the Dungeon.
             The game lasted 00:04:27 (3035 turns).

Nedwor the Cruncher (Minotaur Gladiator)            Turns: 3035, Time: 00:04:27

Health: -2/56      AC:  7    Str: 21    XL:     7   Next: 27%
Magic:  6/6        EV: 10    Int:  5    God:
Gold:   259        SH:  0    Dex: 11    Spells: 6/6 levels left

rFire   . . .      SeeInvis .   a - +0 quarterstaff
rCold   . . .      Faith    .   (shield currently unavailable)
rNeg    . . .      Spirit   .   q - +0 scale mail
rPois   .          Reflect  .   c - +0 hat
rElec   .          Harm     .   w - +0 cloak
rCorr   +          Rampage  .   (no gloves)
Will    .....                   (no boots)
Stlth   ..........              j - amulet of regeneration
HPRegen 0.98/turn               f - ring of resist corrosion
MPRegen 0.10/turn               (no ring)

@: no status effects
A: horns 2, retaliatory headbutt
a: no special abilities


You were on level 4 of the Dungeon.
You visited 1 branch of the dungeon, and saw 4 of its levels.

You collected 259 gold pieces.

Inventory:

Hand Weapons
 a - a +0 quarterstaff (weapon)
Missiles
 d - 3 throwing nets (quivered)
 e - a javelin
Armour
 c - a +0 hat (worn)
 q - a +0 scale mail (worn)
 w - a +0 cloak (worn)
Jewellery
 f - a ring of resist corrosion (left hand)
 j - an amulet of regeneration (around neck)
 o - an amulet of reflection
Scrolls
 g - a scroll of fog {unknown}
 h - a scroll of poison {unknown}
 i - 2 scrolls of fear {unknown}
 k - 2 scrolls of torment {unknown}
 r - a scroll of noise {unknown}
 u - a scroll of enchant armour {unknown}
 v - a scroll of identify {unknown}
 y - a scroll of immolation {unknown}
 A - a scroll of amnesia {unknown}
Potions
 b - 2 potions of brilliance {unknown}
 l - 3 potions of curing {unknown}
 m - a potion of haste {unknown}
 n - 2 potions of flight {unknown}
 p - 2 potions of attraction {unknown}
 s - a potion of resistance {unknown}
 t - a potion of heal wounds {unknown}
 x - a potion of ambrosia {unknown}
 z - a potion of might {unknown}


   Skills:
 - Level 2.4 Fighting
 * Level 10.2 Staves
 - Level 2.0 Throwing
 - Level 3.2 Dodging


You had 6 spell levels left.
You didn't know any spells.
Your spell library contained the following spells:

 Spells                   Type           Power      Damage    Failure   Level
 Ensorcelled Hibernation  Hex/Ice        0%         N/A       93%         2
 Passwall                 Tmut/Erth      0%         N/A       93%         2
 Inner Flame              Hex/Fire       0%         N/A       99%         3
 Swiftness                Air            0%         N/A       99%         3
 Cause Fear               Hex            0%         N/A       100%        4
 Discord                  Hex            0%         N/A       100%        8


Dungeon Overview and Level Annotations

Branches:
Dungeon (4/15)
 Temple: D:4-7

Altars:
Uskayaw


Innate Abilities, Weirdness & Mutations

You have a pair of horns on your head.
You reflexively headbutt those who attack you in melee.


Message History

You miss something. Something hits you!
You closely miss something. Something hits you.
You closely miss something. Something hits you!
You sock something! Something hits you!
* * * LOW HITPOINT WARNING * * *
You barely miss something. You completely miss something.
Your headbutt misses something. Something completely misses you.
You barely miss something. Something hits you but does no damage.
You closely miss something. Something hits you!
* * * LOW HITPOINT WARNING * * *
You miss something. Your headbutt misses something.
Something hits you but does no damage.
You barely miss something. You miss something.
You hear some strange, mumbled words.
You are confused.
You hear some strange, mumbled words.
A puff of flame appears from out of thin air!
The puff of flame hits you.
* * * LOW HITPOINT WARNING * * *
You bump into the rock wall.
An orc wizard appears from thin air!
Reactivating autopickup.
The orc wizard hits you with a +0 glaive.
* * * LOW HITPOINT WARNING * * *
The orc wizard hits you but does no damage.
The orc wizard casts a spell.
The orc wizard flickers and vanishes!
Deactivating autopickup; reactivate with Ctrl-A.
You barely miss something. Your headbutt misses something.
Something hits you but does no damage.
A magic dart appears from out of thin air!
The magic dart hits you but does no damage.
Something hits you.
* * * LOW HITPOINT WARNING * * *
You feel less confused. Something hits you.
* * * LOW HITPOINT WARNING * * *
Something hits you!
You die...

.# ###.##### #.. .# #.......###..
.# #.#.......#.# .###.#..##.#.#.#
.##........#.#.# .##..#.....#.#)#
........#..#.#)########
###.......†..)){.)....# ####
#.##.......##.@###..# ##...
#.......#####.......#######.###
###...### #..#............# #
#...# #.......#######.### #...#
#.)..#..# ##... #...#
#.......##########. #...#
#.......#.......##.
#####...#######.÷.....#.......##.
..............#.......#.......##.


There were no monsters in sight!

Vanquished Creatures
  Eustachio (D:4)
  An ogre (D:3)
  A phantom (D:4)
  A bullfrog (D:3)
  An orc priest (D:3)
  An iguana (D:4)
  A hound (D:4)
  Terence (D:2)
  An orc wizard (D:4)
  A gnoll (D:1)
  3 adders
  A dart slug (D:3)
  16 orcs
  8 ball pythons
  6 bats
  6 endoplasms
  2 giant cockroaches
  15 goblins
  3 hobgoblins (D:1)
  10 jackals
  3 quokkas
  4 frilled lizards
  5 kobolds
  5 rats
97 creatures vanquished.

Notes
Turn   | Place    | Note
-------+----------+-------------------------------------------
     0 | D:1      | Nedwor the Minotaur Gladiator began the quest for the Orb.
     0 | D:1      | Reached XP level 1. HP: 18/18 MP: 0/0
    66 | D:1      | Found a faded altar of an unknown god.
    96 | D:1      | Reached skill level 4 in Staves
   347 | D:1      | Reached XP level 2. HP: 25/25 MP: 1/1
   646 | D:1      | Reached skill level 5 in Staves
  1010 | D:2      | Reached XP level 3. HP: 30/30 MP: 2/2
  1399 | D:2      | Reached XP level 4. HP: 37/37 MP: 3/3
  1433 | D:2      | Reached skill level 6 in Staves
  1528 | D:2      | Noticed Terence
  1535 | D:2      | Killed Terence
  1794 | D:3      | Noticed a bullfrog
  1805 | D:3      | Killed a bullfrog
  1806 | D:3      | Reached skill level 7 in Staves
  1806 | D:3      | Reached XP level 5. HP: 32/42 MP: 4/4
  2045 | D:3      | Found a hide-covered altar of Uskayaw.
  2164 | D:3      | Noticed an ogre
  2175 | D:3      | Reached skill level 8 in Staves
  2179 | D:3      | Killed an ogre
  2180 | D:3      | Reached XP level 6. HP: 50/50 MP: 5/5
  2363 | D:4      | Reached skill level 9 in Staves
  2403 | D:4      | Noticed Eustachio
  2429 | D:4      | Killed Eustachio
  2430 | D:4      | Reached XP level 7. HP: 31/56 MP: 6/6
  2782 | D:4      | Reached skill level 10 in Staves
  3035 | D:4      | Slain by an orc wizard

Illustrated notes

Levels and vault maps discovered:
D:1:      nagdon_arrival_double_spiral, layout_loops_ring,
          shapermc_ecumenical_altar_starsandcircs, glass_columns_a
D:2:      layout_basic, minmay_quantized, uniq_terence
D:3:      layout_loops_ring, eat_drink_and_be_merry_uskayaw,
          minmay_ogre_servants
D:4:      layout_loops_cross, nicolae_ru_path_of_blood, minmay_mini_ossuary,
          uniq_eustachio

Skill      XL: |  1  2  3  4  5  6  7 |
---------------+----------------------+-----
Staves         | 4 5 7 8 9 10 | 10.2
Fighting       | |  2.4
Throwing       | |  2.0
Dodging        | |  3.2

Action                   |  1- 3 |  4- 6 |  7- 9 || total
-------------------------+-------+-------+-------++-------
Melee: Quarterstaff      |    75 |   113 |    51 ||   239
       Headbutt          |     6 |    20 |     5 ||    31
 Stab: Sleeping          |     1 |       |       ||     1
Armor: Leather armour    |    21 |     1 |       ||    22
       Scale mail        |       |    32 |    16 ||    48
Dodge: Dodged            |    45 |    47 |    19 ||   111

Table legend: (Time is in decaauts)
 A = Elapsed time spent in this place.
 B = Non-inter-level travel time spent in this place.
 C = Inter-level travel time spent in this place.
 D = Time resting spent in this place.
 E = Time spent auto-exploring this place.
 F = Levels seen in this place.
 G = Mean time per level.
                   A        B        C        D        E       F      G
               +--------+--------+--------+--------+--------+-----+--------+
         Total |   3019 |   2906 |    113 |    116 |   2202 |   4 |  754.8 |
       Dungeon |   3019 |   2906 |    113 |    116 |   2202 |   4 |  754.8 |
               +--------+--------+--------+--------+--------+-----+--------+

Top non-repeatable levels by time:
     D:1: 1005 daAuts
     D:3: 751 daAuts
     D:4: 698 daAuts
     D:2: 563 daAuts
